 Dungeon Crawl Stone Soup version 0.15-a0-895-g19c7863 (webtiles) character file.

1217 Quh the Magician (level 8, -18/44 HPs)
             Began as a Deep Elf Wizard on May 19, 2014.
             Was a Believer of Sif Muna.
             Demolished by an orc warrior
             ... wielding a +0,+0 halberd
              (22 damage)
             ... on Level 6 of the Dungeon.
             The game lasted 00:54:00 (7353 turns).

Quh the Magician (Deep Elf Wizard)                  Turns: 7353, Time: 00:54:00

HP -18/44        AC  2     Str  6      XL: 8   Next: 22%
MP  11/34        EV 13     Int 24      God: Sif Muna [**....]
Gold 248         SH  0     Dex 13      Spells:  6 memorised,  6 levels left

rFire  . . .     SeeInvis .     (no weapon)
rCold  . . .     Clarity  .     z - +0 robe
rNeg   . . .     Conserve .     (no shield)
rPois  .         rCorr    .     b - +0 hat
rElec  .         rRot     .     (no cloak)
SustAb .         Spirit   .     (no gloves)
rMut   .         Warding  .     (no boots)
Gourm  .         Stasis   .     (no amulet)
MR     .....                    (no ring)
                                k - ring of magical power

@: not resistant to hostile enchantments, unstealthy
A: no striking features
a: Channel Energy, Forget Spell, Renounce Religion


You were on level 6 of the Dungeon.
You worshipped Sif Muna.
Sif Muna was pleased with you.
You were not hungry.

You visited 1 branch of the dungeon, and saw 6 of its levels.
You also visited: Sewer.

You collected 248 gold pieces.

Inventory:

Hand weapons
 j - a +1,+0 sling of velocity
Missiles
 B - 14 stones (quivered)
 L - 12 exploding darts
Armour
 a - a +0 robe
 b - a +0 hat (worn)
 u - a +0 robe
 z - a +0 robe (worn)
Comestibles
 d - 2 bread rations
 f - 2 pears
 s - a meat ration
 t - a choko
 w - a sausage
 G - an orange
 J - an apple
 M - a chunk of orc flesh
Scrolls
 e - 3 scrolls of identify
 i - 2 scrolls of fog
 l - 2 scrolls of remove curse
 p - 3 scrolls of teleportation
 r - 3 scrolls of amnesia {unknown}
 v - a scroll of fear {unknown}
 x - a scroll of enchant weapon I {unknown}
 y - a scroll of magic mapping {unknown}
 C - a scroll of enchant armour {unknown}
 K - a scroll of recharging {unknown}
Jewellery
 k - a ring of magical power (left hand)
 n - an uncursed amulet of stasis
 q - an uncursed amulet of guardian spirit
Potions
 g - 5 potions of magic
 h - a potion of mutation
 m - a potion of heal wounds
 o - a potion of cure mutation {unknown}
 A - a potion of invisibility {unknown}
 D - 3 potions of might {unknown}
 E - 5 potions of curing {unknown}
 F - a potion of agility {unknown}
 H - a potion of porridge
 I - 2 potions of lignification {unknown}
Books
 c - a book of Minor Magic

   Spells                             Type                      Level
   *Magic Dart                        Conjuration                  1
   *Blink                             Translocation                2
   *Call Imp                          Summoning                    2
   *Repel Missiles                    Charms/Air                   2
   Slow                               Hexes                        2
   *Conjure Flame                     Conjuration/Fire             3
   *Mephitic Cloud                    Conjuration/Poison/Air       3


   Skills:
 + Level 1.7 Fighting
 + Level 3.8 Dodging
 - Level 2.4 Stealth
 + Level 6.2 Spellcasting
 * Level 5.2 Conjurations
 - Level 0.8 Charms
 - Level 1.1 Summonings
 - Level 2.9 Translocations
 * Level 4.5 Air Magic
 * Level 4.7 Poison Magic


You had 6 spell levels left.
You knew the following spells:

 Your Spells              Type           Power        Failure   Level  Hunger
a - Magic Dart            Conj           ####         1%          1    None
b - Blink                 Tloc           N/A          4%          2    None
c - Call Imp              Summ           ##......     10%         2    None
d - Repel Missiles        Chrm/Air       ###...       4%          2    None
e - Mephitic Cloud        Conj/Pois/Air  ####....     3%          3    #......
f - Conjure Flame         Conj/Fire      ###.....     10%         3    #......


Dungeon Overview and Level Annotations

Branches:
Dungeon (6/15)
 Temple: D:4-7

Altars:
Gozag
Qazlal
Sif Muna
Yredelemnul

Annotations:
D:6 therealpatrickswayze's ghost, experienced GrGl


Message History

Confirm with . or Enter, or press ? or * to list all spells.
A beastly little devil appears in a puff of flame.
The orc warrior hits you from afar with a halberd!
* * * LOW HITPOINT WARNING * * *
Your crimson imp hits the orc warrior but does no damage.
Found 19 sling bullets.
Casting: Call Imp
Confirm with . or Enter, or press ? or * to list all spells.
A beastly little devil appears in a puff of flame.
Your crimson imp hits the orc warrior but does no damage.
A quokka and a scorpion come into view.
Your crimson imp hits the orc warrior.
Found 16 gold pieces.
Casting: Call Imp
Confirm with . or Enter, or press ? or * to list all spells.
You blink.
Your crimson imp blinks!
The orc warrior hits you from afar with a halberd!
Ouch! That really hurt!
You die...

# #........ #.#.#####.# #.#.#
#.# #..Y# #.. ######## ###.# #..
#...... #Y#####.. ..# #..##.#.#
#.%5..... r..###...#.#.##
####.#### .....s....@...# #... .
#.##.......#....... ######
#......§.o($..##.# #
..###.#..5#....... ## .....
##.####....# #. ##.#
###§.####.##.# .# #.
###..###.......#.##.##.# #.
#....<.........#.......# #####.
##....>#........##......###.....


You could see an orc warrior, a scorpion and a friendly crimson imp.

Vanquished Creatures
  2 ice beasts
  A sky beast (D:5)
  2 giant frogs
  A jelly (D:6)
  A scorpion (D:4)
  A crimson imp (D:5)
  2 hounds (D:5)
  A big fish (Sewer)
  3 worker ants
  Jessica (D:3)
  A hound skeleton (D:4)
  6 gnolls
  15 adders
  5 worms
  A giant mite (D:5)
  An adder skeleton (D:5)
  3 oozes
  9 orcs
  2 ball pythons
  15 bats
  11 giant cockroaches
  6 goblins
  14 hobgoblins
  4 jackals
  A quokka (D:6)
  4 giant geckos
  6 giant newts
  A giant spore (D:6)
  13 kobolds
  An orc zombie (D:5)
  9 rats
143 creatures vanquished.

Vanquished Creatures (collateral kills)
  2 ogres
  A hippogriff skeleton (D:5)
  An orc priest (D:4)
  An orc wizard (D:4)
  A worker ant (D:5)
  5 gnolls
  An adder (D:4)
  A giant mite (D:6)
  An ooze (D:4)
  2 orcs
  A giant cockroach (D:6)
  A hobgoblin (D:2)
  A giant newt (Sewer)
  4 jackals
  A kobold (D:4)
  2 rats
  A plant (Sewer)
27 creatures vanquished.

Vanquished Creatures (others)
  6 crimson imps
  2 iron imps
  9 white imps
  3 shadow imps
  A plant (Sewer)
21 creatures vanquished.

Grand Total: 191 creatures vanquished

Notes
Turn   | Place    | Note
--------------------------------------------------------------
     0 | D:1      | Quh, the Deep Elf Wizard, began the quest for the Orb.
     0 | D:1      | Reached XP level 1. HP: 10/10 MP: 6/6
   332 | D:1      | Reached XP level 2. HP: 15/15 MP: 1/9
   450 | D:1      | Learned a level 2 spell: Blink
   454 | D:1      | Learned a level 2 spell: Call Imp
   457 | D:1      | Learned a level 2 spell: Repel Missiles
  1105 | D:2      | Found an opulent altar of Gozag.
  1107 | D:2      | Reached XP level 3. HP: 19/19 MP: 7/13
  1191 | D:2      | Learned a level 3 spell: Mephitic Cloud
  1288 | D:2      | Reached skill level 1 in Air Magic
  1473 | D:2      | Reached XP level 4. HP: 16/24 MP: 4/16
  1651 | D:2      | Reached skill level 1 in Poison Magic
  1673 | D:2      | Reached skill level 5 in Spellcasting
  2376 | D:3      | Found a stormy altar of Qazlal.
  2442 | D:3      | Reached XP level 5. HP: 28/28 MP: 15/19
  2504 | D:3      | Learned a level 3 spell: Conjure Flame
  2694 | D:3      | Found a deep blue altar of Sif Muna.
  2697 | D:3      | Became a worshipper of Sif Muna the Loreminder
  3475 | D:4      | Noticed an ogre
  3484 | D:4      | Killed an ogre
  3572 | D:4      | Reached XP level 6. HP: 30/32 MP: 2/21
  3775 | D:4      | Noticed a phantom
  3923 | D:3      | Noticed Jessica
  3932 | D:3      | Killed Jessica
  4717 | D:5      | Entered Level 5 of the Dungeon
  4860 | D:5      | Acquired Sif Muna's first power
  4860 | D:5      | Reached XP level 7. HP: 35/37 MP: 8/23
  5145 | D:5      | Found a glowing drain.
  5160 | Sewer    | Entered a sewer
  5760 | Sewer    | Reached skill level 1 in Fighting
  6207 | D:5      | Reached skill level 6 in Spellcasting
  6735 | D:6      | Reached XP level 8. HP: 43/43 MP: 25/25
  6829 | D:6      | Noticed therealpatrickswayze's ghost (experienced GrGl)
  6853 | D:6      | Found a basalt altar of Yredelemnul.
  7092 | D:6      | Acquired Sif Muna's second power
  7092 | D:6      | Reached skill level 5 in Conjurations
  7353 | D:6      | Demolished by an orc warrior

Action                   |  1- 3 |  4- 6 |  7- 9 || total
-------------------------+-------+-------+-------++-------
Melee: Unarmed           |     3 |       |     5 ||     8
 Fire: Sling             |       |     1 |       ||     1
 Cast: Magic Dart        |    82 |   192 |   185 ||   459
       Call Imp          |     4 |    38 |    30 ||    72
       Mephitic Cloud    |     2 |    16 |    13 ||    31
       Blink             |     1 |     9 |    17 ||    27
  Use: Scroll            |     1 |     4 |     4 ||     9
       Potion            |       |     1 |     2 ||     3
